 Dungeon Crawl Stone Soup version 0.31-a0-479-g91c9547826 (webtiles) character file.

Game seed: 2817041872061723135

39923 Morbidden the Thaumaturge (level 14, -4/70 HPs)
             Began as a Vine Stalker Conjurer on Aug 7, 2023.
             Was a High Priest of Vehumet.
             Succumbed to Nessos's poison
             ... on level 4 of the Lair of Beasts.
             The game lasted 00:27:43 (20916 turns).

Morbidden the Thaumaturge (Vine Stalker Conjurer)  Turns: 20916, Time: 00:27:44

Health: -4/70      AC: 24    Str: 10    XL:     14   Next: 8%
Magic:  1/30       EV: 13    Int: 22    God:    Vehumet [*****.]
Gold:   783        SH:  0    Dex: 14    Spells: 20/36 levels left

rFire   . . .        b - staff of conjuration
rCold   . . .        (no shield)
rNeg    . . .        M - +0 acid dragon scales
rPois   .            U - +1 hat {Will+}
rElec   .            G - +2 cloak
rCorr   +            B - +0 pair of gloves
SInv    .            O - +2 pair of boots {rampage}
Will    ++...        X - amulet of magic regeneration
Stlth   +++          T - +4 ring of protection
HPRegen 1.11/turn    A - +4 ring of protection
MPRegen 0.62/turn

%: guardian spirit, rampage
@: lethally poisoned (-4 -> -27)
A: fangs 3, regeneration 1, magic shield, antimagic bite, no potion heal 2
a: Renounce Religion


You were on level 4 of the Lair of Beasts.
You worshipped Vehumet.
Vehumet was extremely pleased with you.
You visited 3 branches of the dungeon, and saw 17 of its levels.
You also visited: Sewer.

You collected 1062 gold pieces.
You spent 279 gold pieces at shops.

Inventory:

Hand Weapons
 a - a +1 short sword of venom
Missiles
 n - 18 poisoned darts (quivered)
 u - 4 javelins
 H - a throwing net
 S - a curare-tipped dart
Armour
 k - a +0 cloak
 B - a +0 pair of gloves (worn)
 F - a +0 kite shield
 G - a +2 cloak (worn)
 L - +0 steam dragon scales
 M - +0 acid dragon scales (worn)
 O - a +2 pair of boots of rampaging (worn)
 U - a +1 hat of willpower (worn)
Magical Staves
 b - a staff of conjuration (weapon)
Jewellery
 e - a ring of see invisible
 h - a ring of ice
 m - a ring of protection from cold
 r - a ring of protection from cold
 z - a ring of flight
 A - a +4 ring of protection (right hand)
 T - a +4 ring of protection (left hand)
 X - an amulet of magic regeneration (around neck)
Talismans
 s - a beast talisman
 V - a blade talisman
Wands
 f - a wand of roots (18)
 j - a wand of mindburst (37)
 w - a wand of flame (12)
 Z - a wand of charming (9)
Scrolls
 c - 6 scrolls of teleportation
 l - 3 scrolls of identify
 p - 2 scrolls of enchant armour
 q - 4 scrolls of poison
 x - a scroll of enchant weapon
 E - a scroll of revelation
 I - a scroll of immolation
 N - 3 scrolls of blinking
 Q - 2 scrolls of fog
 R - 3 scrolls of fear
Potions
 d - 2 potions of berserk rage {unknown}
 g - 7 potions of curing {unknown}
 i - 2 potions of resistance {unknown}
 o - 2 potions of degeneration {unknown}
 t - 2 potions of haste {unknown}
 v - 4 potions of might {unknown}
 y - 2 potions of magic
 C - 6 potions of enlightenment
 D - a potion of attraction {unknown}
 J - 4 potions of heal wounds {unknown}
 K - 2 potions of lignification {unknown}
 P - a potion of invisibility {unknown}
 W - 2 potions of ambrosia {unknown}
 Y - 3 potions of mutation {unknown}


   Skills:
 * Level 6.2 Fighting
 * Level 6.5 Short Blades
 + Level 1.0 Staves
 + Level 0.8 Throwing
 + Level 5.0 Armour
 * Level 6.0 Dodging
 + Level 5.1 Stealth
 * Level 6.2 Shields
 * Level 11.6 Spellcasting
 * Level 10.0 Conjurations
 * Level 6.9 Translocations
 * Level 2.2 Fire Magic
 + Level 4.3 Poison Magic
 + Level 1.3 Evocations
 * Level 5.7 Shapeshifting


You had 20 spell levels left.
You knew the following spells:

 Your Spells              Type           Power      Damage    Failure   Level
a - Fireball              Conj/Fire      28%        3d12      4%          5
b - Searing Ray           Conj           100%       2d8       1%          2
c - Magic Dart            Conj           100%       1d8       1%          1
x - Olgreb's Toxic Radia  Pois           31%        N/A       3%          4
z - Iskenderun's Mystic   Conj/Tloc      66%        2d14      1%          4

Your spell library contained the following spells:

 Spells                   Type           Power      Damage    Failure   Level
 Plasma Beam              Fire/Air       8%         2x1d19    85%         6
 Apportation              Tloc           86%        N/A       1%          1
 Poisonous Vapours        Pois/Air       44%        N/A       1%          2
 Dazzling Flash           Conj/Hex       100%       N/A       1%          3
 Gell's Gravitas          Tloc           43%        N/A       1%          3
 Mephitic Cloud           Conj/Pois/Air  50%        N/A       1%          3
 Teleport Other           Tloc           43%        N/A       1%          3
 Fulminant Prism          Conj/Hex       25%        3d14      2%          4
 Sting                    Tmut/Pois      88%        1d7       3%          1
 Necrotise                Necr           48%        1d6       8%          1
 Summon Small Mammal      Summ           48%        N/A       8%          1
 Call Imp                 Summ           24%        N/A       12%         2
 Call Canine Familiar     Summ           12%        N/A       24%         3
 Summon Guardian Golem    Hex/Summ       12%        N/A       24%         3
 Dispersal                Tloc           21%        N/A       56%         6
 Anguish                  Hex/Necr       6%         N/A       61%         4
 Cause Fear               Hex            6%         N/A       61%         4
 Summon Ice Beast         Ice/Summ       12%        N/A       61%         4
 Alistair's Intoxication  Tmut/Pois      14%        N/A       65%         5
 Summon Mana Viper        Hex/Summ       12%        N/A       91%         5
 Enfeeble                 Hex            6%         N/A       100%        7
 Monstrous Menagerie      Summ           6%         N/A       100%        7


Dungeon Overview and Level Annotations

Branches:
Dungeon (12/15)            Temple (1/1) D:7            Lair (4/5) D:11
  Swamp (0/4) Lair:3        Snake (0/4) Lair:2          Orc (0/2) D:12
  Sewer (visited)
  Slime: Lair:4-5

Altars:
Ashenzari
Cheibriados
Dithmenos
Elyvilon
Fedhas
Gozag
Hepliaklqana
Kikubaaqudgha
Makhleb
Nemelex Xobeh
Okawaru
Qazlal
Sif Muna
Trog
Uskayaw
Vehumet
Wu Jian
Xom
Yredelemnul
Zin
The Shining One

Shops:
D:7 (   D:9 [[

Annotations:
D:11 3 runed translucent doors, Zigma's ghost, journeyman DrSh
Lair:4 Nessos


Innate Abilities, Weirdness & Mutations

You have razor-sharp teeth.
Your natural rate of healing is unusually fast.
When hurt, damage is shared between your health and your magic reserves.
Your bite disrupts and absorbs the magic of your enemies.
Potions cannot restore your health.


Message History

Nessos shoots an arrow.
The arrow hits you! The arrow burns you.
You are poisoned.
Nessos shoots an arrow.
The arrow hits you! The arrow burns you.
Casting: Fireball (dangerous; 4% risk of failure)
Confirm with . or Enter, or press ? or * to list all spells.
Aiming: Fireball (dangerous; 4% risk of failure)
Press: ? - help, Shift-Dir - straight line, f - Nessos
Aim: Nessos, wielding a +3 longbow of flaming and wearing a +0 barding You feel a surge of power!
The fireball explodes!
The fireball engulfs Nessos!!
Nessos is moderately wounded.
You feel very sick.
You hear a loud, deep croak!
Nessos gestures wildly while chanting.
Nessos seems to speed up.
You hear a loud, deep croak!
Casting: Fireball (dangerous; 4% risk of failure)
Confirm with . or Enter, or press ? or * to list all spells.
Aiming: Fireball (dangerous; 4% risk of failure)
Press: ? - help, Shift-Dir - straight line, f/p - Nessos
Aim: Nessos, wielding a +3 longbow of flaming and wearing a +0 barding (moderately wounded, fast)
You feel a surge of power!
The fireball explodes!
The fireball engulfs Nessos!
Nessos is moderately wounded.
You feel very sick.
A nearby fungus withers and dies.
Nessos shoots an arrow.
The arrow hits you!! The arrow burns you!
* * * LOW HITPOINT WARNING * * *
Nessos shoots an arrow.
The arrow hits you!
* * * LOW HITPOINT WARNING * * *
The arrow burns you.
You are lethally poisoned!
* * * LOW HITPOINT WARNING * * *
Unknown command.
Unknown command.
Unknown command.
Okay, then.
Aiming: Mindburst
Press: ? - help, Shift-Dir - straight line, f/p - Nessos
Aim: Nessos, wielding a +3 longbow of flaming and wearing a +0 barding (moderately wounded, fast, chance to affect: 70%) Nessos struggles to resist.
You die...

#....#.#.###...^.#
##....#.###.....##
#...#..#.###.P###
##.####### #..#
#..# #..# ###..#
#<## ###....# #.#
.......# ###.#
P#.#.### #..@#
###### #....#
...>.....
#.#..#....##
####...## .c.##
.### ..


You could see Nessos (fast).

Vanquished Creatures
  Gastronok (D:11)
  2 hydras (Lair:3)
  2 boulder beetles
  4 two-headed ogres
  A tengu warrior (D:12)
  Amaemon (Lair:1)
  Pikel (D:7)
  An ugly thing (D:11)
  3 cyclopes (D:11)
  A manticore (D:11)
  Maurice (D:8)
  10 elephants
  8 black mambas
  A gargoyle (D:10)
  7 cane toads
  An orange demon (Lair:1)
  3 unseen horrors
  2 kobold demonologists (D:11)
  2 komodo dragons (Lair:3)
  2 polar bears (Lair:4)
  A troll (D:11)
  12 blink frogs
  Prince Ribbit (Lair:1)
  4 dream sheep (Lair:2)
  5 slime creatures
  3 wyverns
  36 yaks
  2 basilisks
  Grum (D:8)
  3 steam dragons
  5 wargs (D:12)
  3 swamp worms (Lair:3)
  An acid dragon (D:9)
  18 water moccasins
  10 orc warriors
  A sky beast (D:8)
  An ice beast (D:7)
  4 ogres
  13 wolves
  3 centaurs
  2 lemures (D:7)
  2 phantoms
  2 kobold brigands
  Blork the orc (D:5)
  8 bullfrogs
  2 gnoll sergeants
  5 scorpions
  3 wights (D:7)
  10 killer bees
  2 electric eels
  2 howler monkeys (D:10)
  2 hounds (D:4)
  A jelly (D:7)
  5 orc priests
  An iron imp (D:10)
  3 iguanas
  2 sleepcaps
  14 orc wizards
  A sickly merfolk siren (Sewer)
  A malarious merfolk avatar (Sewer)
  12 gnolls
  7 adders
  2 white imps
  3 ufetubi
  A worm (D:4)
  A dart slug (D:1)
  45 orcs
  16 ball pythons
  8 bats
  10 endoplasms
  6 giant cockroaches
  5 goblins
  7 hobgoblins
  3 jackals
  19 kobolds
  4 quokkas
  5 frilled lizards
  28 rats
432 creatures vanquished.

Vanquished Creatures (others)
  3 orcs
3 creatures vanquished.

Grand Total: 435 creatures vanquished

Notes
Turn   | Place    | Note
-------+----------+-------------------------------------------
     0 | D:1      | Morbidden the Vine Stalker Conjurer began the quest for the
                  | Orb.
     0 | D:1      | Reached XP level 1. HP: 9/9 MP: 4/4
   264 | D:1      | Reached XP level 2. HP: 10/13 MP: 3/6
   799 | D:1      | You fall into a shaft and drop 1 floor!
   881 | D:2      | Reached XP level 3. HP: 6/16 MP: 1/7
  2103 | D:1      | Learned a level 2 spell: Searing Ray
  2383 | D:1      | Gained mutation: Your natural rate of healing is unusually
                  | fast. [Vine Stalker growth]
  2383 | D:1      | Reached XP level 4. HP: 21/21 MP: 2/8
  3012 | D:3      | Reached skill level 5 in Conjurations
  3279 | D:3      | Found a broken altar of Ashenzari.
  3279 | D:3      | Found an ancient bone altar of Kikubaaqudgha.
  3279 | D:3      | Found a glowing silver altar of Zin.
  3403 | D:4      | Reached skill level 3 in Spellcasting
  3475 | D:4      | Noticed a phantom
  3496 | D:4      | Killed a phantom
  3497 | D:4      | Reached skill level 1 in Short Blades
  3497 | D:4      | Reached XP level 5. HP: 20/25 MP: 5/11
  3790 | D:4      | Reached skill level 1 in Fighting
  3790 | D:4      | Reached XP level 6. HP: 30/30 MP: 2/12
  3903 | D:4      | Found an opulent altar of Gozag.
  4030 | D:4      | Reached skill level 4 in Spellcasting
  4277 | D:5      | Entered Level 5 of the Dungeon
  4294 | D:5      | Reached skill level 1 in Armour
  4294 | D:5      | Reached skill level 1 in Shapeshifting
  4346 | D:5      | Noticed Blork the orc
  4354 | D:5      | Killed Blork the orc
  4355 | D:5      | Reached XP level 7. HP: 33/33 MP: 5/14
  4682 | D:5      | Learned a level 4 spell: Iskenderun's Mystic Blast
  5662 | D:6      | Reached skill level 5 in Spellcasting
  5717 | D:6      | Gained mutation: You have razor-sharp teeth. [Vine Stalker
                  | growth]
  5717 | D:6      | Reached XP level 8. HP: 38/39 MP: 5/16
  5779 | D:6      | Reached skill level 1 in Translocations
  6143 | D:6      | Found a glowing drain.
  6148 | Sewer    | Entered a sewer
  7509 | D:6      | Reached skill level 1 in Shields
  7619 | D:6      | Reached skill level 6 in Spellcasting
  7828 | D:6      | Reached XP level 9. HP: 10/43 MP: 0/19
  8276 | D:7      | Noticed Pikel
  8298 | D:7      | HP: 2/43 [Pikel/+0 whip of electrocution (4)]
  8300 | D:7      | Killed Pikel
  8724 | D:7      | Found a staircase to the Ecumenical Temple.
  8734 | Temple   | Entered the Ecumenical Temple
  8857 | Temple   | Became a worshipper of Vehumet
  9005 | D:7      | Found an iron altar of Okawaru.
  9190 | D:7      | Found Vanlei's Antique Weapon Boutique.
  9611 | D:8      | Noticed Grum
  9624 | D:8      | Killed Grum
  9629 | D:8      | Reached XP level 10. HP: 38/49 MP: 8/21
  9773 | D:8      | Noticed Maurice
  9794 | D:8      | Killed Maurice
  9795 | D:8      | Reached skill level 7 in Spellcasting
  9935 | D:8      | Noticed a two-headed ogre
  9945 | D:8      | Killed a two-headed ogre
 10130 | D:8      | Found a bloodstained altar of Trog.
 10228 | D:8      | Noticed a two-headed ogre
 10238 | D:8      | Killed a two-headed ogre
 10931 | D:9      | Reached * piety under Vehumet
 10931 | D:9      | Offered knowledge of Kiss of Death by Vehumet.
 11072 | D:9      | Learned a level 4 spell: Olgreb's Toxic Radiance
 11210 | D:9      | Reached skill level 8 in Spellcasting
 11254 | D:9      | Reached skill level 1 in Evocations
 11254 | D:9      | Reached XP level 11. HP: 43/53 MP: 3/24
 11398 | D:9      | Found a basalt altar of Yredelemnul.
 11553 | D:9      | Found Gumiez's Armour Shop.
 11676 | D:9      | Found Ceawissu's Armour Shoppe.
 11681 | D:9      | Bought a +2 pair of boots of rampaging for 279 gold pieces
 12002 | D:10     | Entered Level 10 of the Dungeon
 12554 | D:10     | Noticed a two-headed ogre
 12566 | D:10     | Killed a two-headed ogre
 12567 | D:10     | Reached skill level 1 in Poison Magic
 12770 | D:10     | Offered knowledge of Scorch by Vehumet.
 12804 | D:10     | Reached ** piety under Vehumet
 12805 | D:10     | Reached skill level 9 in Spellcasting
 12882 | D:10     | Found a snail-covered altar of Cheibriados.
 13074 | D:11     | Noticed a boulder beetle
 13074 | D:11     | Noticed a two-headed ogre
 13084 | D:11     | Noticed a cyclops
 13090 | D:11     | Killed a cyclops
 13460 | D:11     | Noticed a manticore
 13468 | D:11     | Killed a manticore
 13550 | D:11     | Reached skill level 5 in Dodging
 13550 | D:11     | Reached skill level 5 in Translocations
 13755 | D:11     | Noticed a cyclops
 13760 | D:11     | Found a staircase to the Lair.
 13776 | D:11     | Killed a cyclops
 14129 | D:11     | Found a runed translucent gate.
 14129 | D:11     | Found a runed translucent gate.
 14129 | D:11     | Found a runed translucent gate.
 14206 | D:11     | Noticed Gastronok
 14228 | D:11     | Killed Gastronok
 14229 | D:11     | Reached XP level 12. HP: 58/58 MP: 3/26
 14368 | D:11     | Reached skill level 5 in Short Blades
 14487 | D:11     | Noticed a minotaur
 14514 | D:11     | Noticed Zigma's ghost (journeyman DrSh)
 15105 | D:11     | Killed a two-headed ogre
 15457 | D:11     | Killed a boulder beetle
 15860 | D:12     | Offered knowledge of Ignite Poison by Vehumet.
 15916 | D:12     | Reached *** piety under Vehumet
 16062 | D:12     | Noticed a boulder beetle
 16083 | D:12     | Killed a boulder beetle
 16226 | D:12     | Reached skill level 5 in Fighting
 16227 | D:12     | Noticed a tengu warrior
 16236 | D:12     | Killed a tengu warrior
 16237 | D:12     | Reached skill level 5 in Shapeshifting
 16346 | D:12     | Found a staircase to the Orcish Mines.
 17091 | Lair:1   | Entered Level 1 of the Lair of Beasts
 17211 | Lair:1   | Reached skill level 10 in Spellcasting
 17211 | Lair:1   | Offered knowledge of Hailstorm by Vehumet.
 17384 | Lair:1   | Noticed Prince Ribbit
 17394 | Lair:1   | Killed Prince Ribbit
 17397 | Lair:1   | Reached XP level 13. HP: 55/64 MP: 4/28
 17398 | Lair:1   | Reached skill level 5 in Shields
 17704 | Lair:1   | Noticed Amaemon
 17713 | Lair:1   | Killed Amaemon
 18201 | Lair:1   | Reached **** piety under Vehumet
 18682 | Lair:2   | Offered knowledge of Fireball by Vehumet.
 18692 | Lair:2   | Learned a level 5 spell: Fireball
 18860 | Lair:2   | Reached skill level 1 in Fire Magic
 18869 | Lair:2   | Reached skill level 11 in Spellcasting
 18980 | Lair:2   | Found a staircase to the Snake Pit.
 19944 | Lair:3   | Reached ***** piety under Vehumet
 20026 | Lair:3   | Offered knowledge of Plasma Beam by Vehumet.
 20192 | Lair:3   | Reached XP level 14. HP: 62/70 MP: 4/30
 20310 | Lair:3   | Found a staircase to the Swamp.
 20543 | Lair:4   | Reached skill level 10 in Conjurations
 20632 | Lair:4   | Reached skill level 5 in Armour
 20741 | Lair:4   | Reached skill level 1 in Staves
 20789 | Lair:4   | Reached skill level 5 in Stealth
 20911 | Lair:4   | Noticed Nessos
 20915 | Lair:4   | HP: 3/70 [Nessos/arrow (3)]
 20916 | Lair:4   | Succumbed to Nessos's poison

Illustrated notes

Levels and vault maps discovered:
D:1:      amcnicky_arrival_flooded_fountain, layout_basic
D:2:      layout_loops_cross, minmay_fractal_squares_5
D:3:      layout_basic, gammafunk_temple_overflow_claw, minmay_diced_spiral
D:4:      layout_rooms, old_standard_altar
D:5:      layout_basic, uniq_blork_the_orc
D:6:      layout_gridville, portal_sewer_entry_e
D:7:      layout_rooms, nicolae_overflow_hidden_temple,
          minmay_temple_entry_overgrown, serial_shops, shop, uniq_pikel
D:8:      layout_loops_corners, lemuel_round_altar, uniq_maurice, uniq_grum
D:9:      layout_loops_cross, lemuel_crystal_altar, serial_shops,
          kennysheep_mini, shop, nicolae_the_louvre
D:10:     layout_rooms, slow_altar_2
D:11:     cheibrodos_elevator_heist, layout_layer_cave,
          maelrawn_ghost_gauntlet_escape, dk_noncrumbling_3, uniq_gastronok
D:12:     layout_irregular_city, david_orc_1_choice, nooodl_orcs_dogs
Temple:   nicolae_temple_figure_eight
Lair:1:   layout_loops_ring, grunt_megastairs_4, infiniplex_staircase_pool_2,
          serial_bayou_shore_a, uniq_amaemon, uniq_prince_ribbit2
Lair:2:   layout_chaotic_city, minmay_snake_entry_six_corridors
Lair:3:   layout_cave_shapes, palyth_hydra_swamp_entry
Lair:4:   layout_loops_ring, uniq_nessos

Skill      XL: |  1  2  3  4  5  6  7  8  9 10 11 12 13 14 |
---------------+-------------------------------------------+-----
Conjurations   | 5 6 7 8 9 10 | 10.0
Spellcasting   | 3 4 5 6 8 9 10 11 | 11.6
Short Blades   | 1 2 3 4 5 6 |  6.5
Dodging        | 2 3 4 5 6 |  6.0
Fighting       | 1 2 3 4 5 6 |  6.2
Armour         | 1 3 4 5 |  5.0
Shapeshifting  | 1 2 3 4 5 |  5.7
Translocations | 2 3 4 5 6 |  6.9
Shields        | 1 2 3 4 6 |  6.2
Stealth        | 3 4 5 |  5.1
Evocations     | 1 |  1.3
Poison Magic   | 2 3 4 |  4.3
Fire Magic     | 2 |  2.2
Staves         | 1 |  1.0
Throwing       | |  0.8

Action                     |  1- 3 |  4- 6 |  7- 9 | 10-12 | 13-15 || total
---------------------------+-------+-------+-------+-------+-------++-------
  Melee: Unarmed           |     4 |       |       |       |       ||     4
         Bite              |     2 |     8 |    12 |   105 |    33 ||   160
         Short sword       |     1 |    23 |    33 |   208 |    92 ||   357
         Staff             |       |       |     3 |     8 |     5 ||    16
         Punch             |       |       |     1 |     3 |     2 ||     6
  Throw: Dart              |       |       |       |    11 |     2 ||    13
   Cast: Magic Dart        |    74 |   113 |   136 |    93 |    10 ||   426
         Searing Ray       |     1 |     5 |    69 |    81 |    12 ||   168
         Iskenderun's Myst |       |       |       |    75 |    61 ||   136
         Olgreb's Toxic Ra |       |       |       |     4 |    21 ||    25
         Fireball          |       |       |       |       |    41 ||    41
  Evoke: Wand              |       |       |     5 |     4 |     8 ||    17
    Use: Scroll            |       |       |     7 |     4 |     2 ||    13
         Potion            |       |       |       |       |     1 ||     1
   Stab: Sleeping          |       |       |       |     1 |     1 ||     2
 Armour: Robe              |     2 |       |       |       |       ||     2
         Leather armour    |       |     6 |    77 |    21 |       ||   104
         Acid dragon scale |       |       |       |   163 |    71 ||   234
  Dodge: Dodged            |     5 |    25 |   155 |   256 |    79 ||   520
   Form: Beast             |       |     1 |       |       |       ||     1
                           |       |       |     1 |       |       ||     1

Table legend: (Time is in decaauts)
 A = Elapsed time spent in this place.
 B = Non-inter-level travel time spent in this place.
 C = Inter-level travel time spent in this place.
 D = Time resting spent in this place.
 E = Time spent auto-exploring this place.
 F = Levels seen in this place.
 G = Mean time per level.
                   A        B        C        D        E       F      G
               +--------+--------+--------+--------+--------+-----+--------+
         Total |  20869 |  20083 |    786 |   1630 |  15512 |  18 | 1159.4 |
       Dungeon |  16197 |  15523 |    674 |   1349 |  11864 |  12 | 1349.8 |
        Temple |    143 |    109 |     34 |    100 |      0 |   1 |  143.0 |
          Lair |   3789 |   3711 |     78 |    181 |   3047 |   4 |  947.2 |
         Sewer |    738 |    738 |      0 |      0 |    601 |   1 |  738.0 |
               +--------+--------+--------+--------+--------+-----+--------+

Top non-repeatable levels by time:
    D:11: 2162 daAuts
     D:6: 1956 daAuts
     D:8: 1578 daAuts
    D:12: 1520 daAuts
  Lair:1: 1476 daAuts
     D:1: 1392 daAuts
    D:10: 1367 daAuts
     D:5: 1309 daAuts
     D:9: 1105 daAuts
  Lair:2: 1092 daAuts
     D:2: 1059 daAuts
     D:3: 945 daAuts
     D:7: 924 daAuts
     D:4: 876 daAuts
  Lair:3: 845 daAuts
